 Dungeon Crawl Stone Soup version 0.31.0-12-g77e489cdc1 (webtiles) character file.

Game seed: 14950433010070533486

7934 ProfCupcakeAgain the Thaumaturge (level 11, -5/50 HPs)
             Began as a Spriggan Alchemist on Feb 22, 2024.
             Was an Elder of Dithmenos.
             Slain by a troll (6 damage)
             ... on level 10 of the Dungeon.
             The game lasted 01:23:42 (11492 turns).

ProfCupcakeAgain the Thaumaturge (SpAl)            Turns: 11492, Time: 01:23:42

Health: -5/50      AC:  3    Str:  4    XL:     11   Next: 3%
Magic:  22/27      EV: 32    Int: 22    God:    Dithmenos [****..]
Gold:   398        SH:  0    Dex: 15    Spells: 13/32 levels left

rFire   . . .        i - +2 rapier (venom)
rCold   x . .        (no shield)
rNeg    . . .        a - +1 robe of Fefof {Fly rC- Slay+3}
rPois   .            (helmet restricted)
rElec   .            (no cloak)
rCorr   .            (gloves unavailable)
SInv    +            (boots unavailable)
Will    +....        (no amulet)
Stlth   +++++++      w - +5 ring of evasion
HPRegen 0.28/turn    n - +5 ring of evasion
MPRegen 0.20/turn

%: no passive effects
@: about to teleport, flying, very slightly contaminated, wreathed by umbra,
very quick
A: very small, no large weapons, unfitting armour, see invisible, speed 3
a: Renounce Religion, Shadow Step


You were on level 10 of the Dungeon.
You worshipped Dithmenos.
Dithmenos was greatly pleased with you.
You visited 1 branch of the dungeon, and saw 10 of its levels.

You collected 424 gold pieces.
You spent 26 gold pieces at shops.

Inventory:

Hand Weapons
 i - a +2 rapier of venom (weapon)
 m - a +2 dagger of speed
Missiles
 q - 10 poisoned darts
 x - a throwing net
 y - an atropa-tipped dart
Armour
 a - the +1 robe of Fefof (worn) {Fly rC- Slay+3}
   (You found it on level 2 of the Dungeon)

   Slay+3:    It affects your accuracy & damage with ranged weapons and melee
   (+3).
   rC-:       It makes you vulnerable to cold.
   Fly:       It grants you flight.
Magical Staves
 k - a staff of conjuration
Jewellery
 f - a ring of positive energy
 n - a +5 ring of evasion (right hand)
 p - a ring of protection from fire
 w - a +5 ring of evasion (left hand)
Wands
 r - a wand of mindburst (19) (quivered)
 u - a wand of flame (15)
 z - a wand of polymorph (3)
 A - a wand of iceblast (4)
 C - a wand of paralysis (2)
Scrolls
 l - 5 scrolls of teleportation
 o - 2 scrolls of amnesia
 t - a scroll of vulnerability
 B - a scroll of brand weapon
Potions
 b - 2 potions of magic
 c - a potion of curing
 d - 3 potions of might
 e - 3 potions of haste {unknown}
 g - a potion of heal wounds {unknown}
 h - 3 potions of resistance
 j - a potion of enlightenment {unknown}
 s - a potion of lignification
 v - 2 potions of attraction {unknown}


   Skills:
 + Level 2.2 Fighting
 + Level 6.8 Short Blades
 * Level 9.0 Dodging
 * Level 10.8 Stealth
 * Level 11.3 Spellcasting
 + Level 3.5 Conjurations
 + Level 2.7 Air Magic
 + Level 7.3 Alchemy
 + Level 0.8 Invocations
 + Level 0.5 Evocations


You had 13 spell levels left.
You knew the following spells:

 Your Spells              Type           Power      Damage    Failure   Level
a - Sting                 Conj/Alch      100%       1d9       1%          1
b - Mercury Vapours       Alch/Air       68%        N/A       1%          2
c - Olgreb's Toxic Radia  Alch           44%        N/A       2%          4
d - Mephitic Cloud        Conj/Alch/Air  32%        N/A       2%          3
e - Sticky Flame          Fire/Alch      28%        2d7       12%         4
f - Yara's Violent Unrav  Hex/Alch       14%        3d7       32%         5

Your spell library contained the following spells:

 Spells                   Type           Power      Damage    Failure   Level
 Sandblast                Erth           24%        2d8       5%          1
 Dazzling Flash           Conj/Hex       40%        N/A       8%          3
 Stone Arrow              Conj/Erth      40%        3d9       8%          3
 Ensorcelled Hibernation  Hex/Ice        24%        N/A       9%          2
 Lesser Beckoning         Tloc           24%        N/A       9%          2
 Fugue of the Fallen      Necr           12%        N/A       16%         3
 Gell's Gravitas          Tloc           12%        N/A       16%         3
 Inner Flame              Hex/Fire       12%        N/A       16%         3
 Passwall                 Erth           12%        N/A       16%         3
 Teleport Other           Tloc           12%        N/A       16%         3
 Tukima's Dance           Hex            12%        N/A       16%         3
 Irradiate                Conj/Alch      18%        3d17      16%         5
 Brom's Barrelling Bould  Conj/Erth      20%        2d4       26%         4
 Flame Wave               Conj/Fire      20%        2d7       26%         4
 Anguish                  Hex/Necr       6%         N/A       47%         4
 Passage of Golubria      Tloc           12%        N/A       47%         4
 Summon Blazeheart Golem  Fire/Summ      12%        N/A       47%         4
 Silence                  Hex/Air        9%         N/A       63%         5
 Curse of Agony           Necr           12%        N/A       83%         5
 Orb of Destruction       Conj           14%        9d7       100%        7
 Spellforged Servitor     Conj/Summ      10%        N/A       100%        7
 Ignition                 Fire           6%         3d4       100%        8


Dungeon Overview and Level Annotations

Branches:
Dungeon (10/15)
 Temple: D:4-7         Lair: D:8-11         Orc: D:9-12

Altars:
Dithmenos
Elyvilon
Gozag
Kikubaaqudgha
Nemelex Xobeh
Okawaru
Qazlal
Sif Muna
Trog
Uskayaw
Xom
Yredelemnul
Zin
The Shining One

Shops:
D:5 (   D:7 ?   D:9 (

Annotations:
D:4 3 runed translucent doors, dogaso222's ghost, novice MfSh


Innate Abilities, Weirdness & Mutations

You are very small and have problems with some larger weapons.
You are too small for most types of armour.
You have supernaturally acute eyesight. (SInv)
You cover ground extremely quickly. (Speed+++)


Message History

The cyclops appears confused.
The centaur moves out of view.
A wight comes into view.
It is wielding a +5 battleaxe of freezing.
The deep troll earth mage points next to you and mumbles some strange words.
The wall shatters!
The blast of rock fragments hits you!!
Ouch! That really hurt!
* * * LOW HITPOINT WARNING * * *
You emit a cloud of dark smoke.
You hear a shout!
You hear a grinding noise.
You hear a grinding noise.
You reach down and open the door.
A troll comes into view.
You hear a grinding noise.
Found 5 stones.
A wyvern comes into view.
There is an open door here.
Found a robe.
You reach down and close the door.
Casting: Sting (safe; 1% risk of failure)
Confirm with . or Enter, or press ? or * to list all spells.
Aiming: Mephitic Cloud (dangerous; 2% risk of failure)
Press: ? - help, Shift-Dir - straight line, f - troll
Aim: a troll (wandering, hasn't noticed you, umbra, chance to affect: 67%)
You miscast Mephitic Cloud.
You are very lightly contaminated with residual magic.
Nothing appears to happen.
The troll shouts!
You hear a roar!
You hear a shout!
As you read the scroll of teleportation, it crumbles to dust.
You feel strangely unstable.
A deep troll comes into view.
You hear a grinding noise.
You hear a shout!
The wyvern bites you!!
* * * LOW HITPOINT WARNING * * *
The eight-headed hydra roars!
The deep troll shouts!
You hear a shout!
Okay, then.
You feel better. The wyvern bites you!
* * * LOW HITPOINT WARNING * * *
The troll completely misses you. The troll misses you. The troll claws you.
You die...

..###.. #####.....#
#.[.......#
#......T..#
#.........##
#..........# #
#..........# #
#....k@....# ##
#.(..T.....# #.
#.........## ##.
###+#.##D## #..
#....##.# #.Y
#####..##.# #..
#......T##.# ### ###
#...........####'####.
#.....§§#####..†z.....


You could see an eight-headed hydra, a deep troll, a troll and a wyvern.

Vanquished Creatures
  2 two-headed ogres
  Pikel (D:7)
  Maggie (D:9)
  A troll (D:9)
  A hornet (D:9)
  A wyvern (D:7)
  2 yaks
  Grum (D:8)
  An acid dragon (D:8)
  2 water moccasins (D:6)
  3 black bears
  An ice beast (D:5)
  3 wolves (D:8)
  5 ogres
  7 centaurs
  2 lemures (D:7)
  A phantom (D:7)
  A kobold brigand (D:8)
  5 bullfrogs
  A gnoll sergeant (D:8)
  4 scorpions
  9 wights (D:8)
  17 killer bees
  2 howler monkeys (D:7)
  2 bombardier beetles
  4 orc priests
  3 jellies
  3 hounds
  A human zombie (D:4)
  4 iguanas
  A scorpion zombie (D:4)
  6 orc wizards
  A killer bee zombie (D:7)
  A hound zombie (D:4)
  4 hound skeletons (D:4)
  A howler monkey zombie (D:7)
  Robin (D:3)
  12 gnolls
  7 adders
  4 shadow imps
  2 ufetubi (D:7)
  An adder zombie (D:4)
  An adder skeleton (D:4)
  2 ribbon worms
  25 orcs
  11 bats
  14 endoplasms
  20 goblins
  9 hobgoblins
  4 quokkas
  3 training dummies (D:9)
  4 ball pythons
  6 frilled lizards
  A jackal zombie (D:4)
  11 kobolds
  5 rats
248 creatures vanquished.

Vanquished Creatures (collateral kills)
  A bullfrog (D:8)
1 creature vanquished.

Grand Total: 249 creatures vanquished

Notes
Turn   | Place    | Note
-------+----------+-------------------------------------------
     0 | D:1      | ProfCupcakeAgain the Spriggan Alchemist began the quest for
                  | the Orb.
     0 | D:1      | Reached XP level 1. HP: 9/9 MP: 5/5
   199 | D:1      | Reached XP level 2. HP: 13/13 MP: 3/6
   717 | D:1      | Reached skill level 1 in Conjurations
   762 | D:1      | Learned a level 2 spell: Mercury Vapours
  1043 | D:1      | Reached XP level 3. HP: 12/16 MP: 0/8
  1698 | D:2      | Identified the +1 robe of Fefof {Fly rC- Slay+3}
  1750 | D:2      | Reached skill level 3 in Spellcasting
  2006 | D:2      | Reached XP level 4. HP: 21/21 MP: 6/9
  2019 | D:2      | Learned a level 4 spell: Olgreb's Toxic Radiance
  2933 | D:3      | Identified the +5 morningstar "Gaisaetz" {drain, rF- rN+++
                  | Str+9 Dex-5}
  3345 | D:3      | Reached skill level 1 in Short Blades
  3364 | D:3      | Reached XP level 5. HP: 20/24 MP: 7/11
  3367 | D:3      | Found a shadowy altar of Dithmenos.
  3371 | D:3      | Became a worshipper of Dithmenos the Shadowed
  3529 | D:3      | Reached skill level 4 in Spellcasting
  3596 | D:3      | Noticed Robin
  3777 | D:3      | Killed Robin
  3798 | D:3      | Reached skill level 1 in Air Magic
  3868 | D:3      | Reached * piety under Dithmenos
  4452 | D:4      | Found a runed translucent gate.
  4452 | D:4      | Found a runed translucent gate.
  4452 | D:4      | Found a runed translucent gate.
  4452 | D:4      | Noticed dogaso222's ghost (novice MfSh)
  4466 | D:4      | Learned a level 3 spell: Mephitic Cloud
  4612 | D:4      | Reached XP level 6. HP: 27/28 MP: 6/13
  4873 | D:4      | Found an ancient bone altar of Kikubaaqudgha.
  4885 | D:4      | Reached skill level 5 in Stealth
  5085 | D:5      | Entered Level 5 of the Dungeon
  5095 | D:5      | Found Maqede's Antique Weapon Boutique.
  5109 | D:5      | Reached skill level 5 in Spellcasting
  5109 | D:5      | Reached XP level 7. HP: 32/32 MP: 8/15
  5441 | D:5      | Reached skill level 5 in Dodging
  5516 | D:5      | Reached skill level 6 in Spellcasting
  5641 | D:5      | Reached ** piety under Dithmenos
  5707 | D:5      | Reached XP level 8. HP: 33/37 MP: 14/18
  5907 | D:5      | Reached skill level 5 in Alchemy
  6059 | D:5      | Found a glowing silver altar of Zin.
  6270 | D:5      | Reached skill level 7 in Spellcasting
  6570 | D:6      | Found a shimmering blue altar of Sif Muna.
  6577 | D:6      | Learned a level 4 spell: Sticky Flame
  6885 | D:6      | Reached skill level 8 in Spellcasting
  6993 | D:6      | Identified the +9 whip of Iconoclasm {flame, rPois Will+
                  | Dex-2}
  7088 | D:6      | Learned a level 5 spell: Yara's Violent Unravelling
  7154 | D:6      | Reached skill level 1 in Fighting
  7154 | D:6      | Reached XP level 9. HP: 41/41 MP: 13/22
  7158 | D:6      | Found an opulent altar of Gozag.
  7888 | D:7      | Reached skill level 9 in Spellcasting
  8131 | D:7      | Noticed Pikel
  8192 | D:7      | Killed Pikel
  8193 | D:7      | Reached skill level 5 in Short Blades
  8318 | D:7      | Found a basalt altar of Yredelemnul.
  8405 | D:7      | Found Ytyeq's Magic Scroll Shoppe.
  8408 | D:7      | Bought a scroll of identify for 26 gold pieces
  8457 | D:8      | Reached *** piety under Dithmenos
  8519 | D:8      | Found a shimmering altar of Xom.
  8519 | D:8      | Found a white marble altar of Elyvilon.
  8952 | D:8      | Reached skill level 10 in Spellcasting
  8962 | D:8      | Noticed Grum
  8970 | D:8      | Killed Grum
  8971 | D:8      | Reached XP level 10. HP: 46/46 MP: 16/25
  8978 | D:8      | Found an iron altar of Okawaru.
  9138 | D:8      | Noticed a two-headed ogre
  9343 | D:8      | Killed a two-headed ogre
 10007 | D:8      | Identified the +2 ring mail "Yroucaes" {rC+ rN+ SInv}
 10041 | D:8      | Found a stormy altar of Qazlal.
 10043 | D:8      | Found a glowing golden altar of the Shining One.
 10304 | D:9      | Reached skill level 10 in Stealth
 10343 | D:9      | Found a sparkling altar of Nemelex Xobeh.
 10798 | D:9      | Found Xusoexate's Firing Range.
 10856 | D:9      | Noticed Maggie
 10865 | D:9      | Killed Maggie
 10976 | D:9      | Reached skill level 11 in Spellcasting
 10990 | D:9      | Found a hide-covered altar of Uskayaw.
 11136 | D:9      | Found a bloodstained altar of Trog.
 11310 | D:10     | Entered Level 10 of the Dungeon
 11310 | D:10     | Noticed a two-headed ogre
 11316 | D:10     | Killed a two-headed ogre
 11316 | D:10     | Reached **** piety under Dithmenos
 11442 | D:10     | Noticed an eight-headed hydra
 11443 | D:10     | Noticed a deep troll earth mage
 11457 | D:10     | Reached XP level 11. HP: 43/50 MP: 25/27
 11489 | D:10     | Noticed a deep troll
 11490 | D:10     | HP: 1/50 [wyvern (18)]
 11492 | D:10     | Slain by a troll

Illustrated notes

Levels and vault maps discovered:
D:1:      minmay_arrival_wavy_path, layout_loops_corners
D:2:      layout_basic
D:3:      minmay_general_purpose_star, layout_rooms, marbit_many_paths,
          uniq_robin
D:4:      minmay_diamond_boxcup, layout_loops_corners,
          lemuel_mausoleum_altar_kikubaaqudgha, minmay_temple_entry_mist,
          ebering_ghost_rock_garden, serial_shops, nicolae_shop_mannequins,
          grunt_ministairs_5
D:5:      layout_basic, mainiacjoe_overflow_alcove_4, serial_shops, shop,
          minmay_increasing_density
D:6:      layout_rooms, hellmonk_sif_muna_bookshelves,
          nicolae_gozag_cash_rules_everything_around_me
D:7:      layout_loops_cross, lemuel_zombie_altar_yredelemnul, serial_shops,
          nicolae_shop_rolled_up, nicolae_titane, uniq_pikel
D:8:      layout_basic, kennysheep_little_box, nicolae_overflow_hidden_temple,
          uniq_grum
D:9:      layout_basic, mainiacjoe_overflow_concentric_impassable,
          mainiacjoe_overflow_alcove_2, nemelex_spade_bored_becter,
          nicolae_shop_firing_range, uniq_maggie
D:10:     layout_roguey, nicolae_trove_entry_free_sample, nicolae_rejected_hall,
          uniq_josephine

Skill      XL: |  1  2  3  4  5  6  7  8  9 10 |
---------------+-------------------------------+-----
Dodging        | 3 4 5 6 7 9 |  9.0
Conjurations   | 1 2 3 |  3.5
Spellcasting   | 3 4 5 6 8 10 11 | 11.3
Alchemy        | 4 5 6 7 |  7.3
Short Blades   | 1 2 3 5 6 |  6.8
Stealth        | 4 5 6 7 9 10 | 10.8
Air Magic      | 1 2 |  2.7
Fighting       | 1 2 |  2.2
Invocations    | |  0.8
Evocations     | |  0.5

Action                     |  1- 3 |  4- 6 |  7- 9 | 10-12 || total
---------------------------+-------+-------+-------+-------++-------
  Melee: Unarmed           |    13 |       |       |       ||    13
         Rapier            |     1 |    89 |   151 |   127 ||   368
         Staff             |       |     1 |       |       ||     1
         Punch             |       |     2 |     1 |       ||     3
   Cast: Sting             |    60 |   113 |   165 |    73 ||   411
         Mercury Vapours   |    10 |    15 |    15 |    11 ||    51
         Mephitic Cloud    |       |     2 |    20 |    15 ||    37
         Olgreb's Toxic Ra |       |       |     1 |     2 ||     3
 Invoke: Shadow Step       |       |       |     1 |     2 ||     3
  Evoke: Wand              |       |     2 |     2 |     1 ||     5
    Use: Scroll            |     3 |     3 |     8 |     1 ||    15
         Potion            |       |       |       |     1 ||     1
   Stab: Sleeping          |       |     3 |     1 |     5 ||     9
         Distracted        |       |       |     1 |       ||     1
         Confused          |       |       |     5 |     5 ||    10
 Armour: Robe              |    14 |    18 |    44 |    26 ||   102
  Dodge: Dodged            |    25 |    75 |   239 |   156 ||   495
